 Dungeon Crawl Stone Soup version 0.28.0 (webtiles) character file.

Game seed: 7095635399465415425

1804 pkoi the Gusty (level 8, -2/58 HPs)
             Began as a Demigod Air Elementalist on Feb 11, 2022.
             Slain by a black bear (10 damage)
             ... on level 5 of the Dungeon.
             The game lasted 00:09:45 (6545 turns).

pkoi the Gusty (Demigod Air Elementalist)           Turns: 6545, Time: 00:09:45

Health: -2/58      AC:  2    Str:  9    XL:     8   Next: 54%
Magic:  1/15       EV: 12    Int: 25    God:
Gold:   296        SH:  0    Dex: 14    Spells: 2/13 levels left

rFire   + . .      SeeInvis .   e - +1 short sword (elec)
rCold   . . .      Faith    .   (no shield)
rNeg    . . .      Spirit   .   a - +0 robe
rPois   .          Reflect  .   (no helmet)
rElec   .          Harm     .   (no cloak)
rCorr   .          Rampage  .   (no gloves)
Will    .....                   (no boots)
Stlth   ++........              g - amulet of regeneration
HPRegen 0.99/turn               n - ring of protection from fire
MPRegen 0.14/turn               (no ring)

@: no status effects
A: high MP 1, forlorn, divine attributes
a: no special abilities


You were on level 5 of the Dungeon.
You visited 1 branch of the dungeon, and saw 5 of its levels.
You also visited: Sewer.

You collected 296 gold pieces.

Inventory:

Hand Weapons
 e - a +1 short sword of electrocution (weapon)
Missiles
 c - 11 poisoned darts
 f - a throwing net
Armour
 a - a +0 robe (worn)
Magical Staves
 i - a staff of conjuration
Jewellery
 b - an amulet of the acrobat
 d - a +6 ring of intelligence
 g - an amulet of regeneration (around neck)
 n - a ring of protection from fire (left hand)
Scrolls
 h - a scroll of teleportation
 k - a scroll of fog
 l - a scroll of identify
Potions
 j - a potion of might
 m - a potion of haste
 o - a potion of brilliance {unknown}


   Skills:
 + Level 0.9 Fighting
 + Level 2.1 Dodging
 - Level 1.7 Stealth
 - Level 3.0 Spellcasting
 - Level 3.0 Conjurations
 + Level 4.8 Summonings
 + Level 7.2 Air Magic
 - Level 4.1 Evocations


You had 2 spell levels left.
You knew the following spells:

 Your Spells              Type           Power      Damage    Failure   Level
a - Shock                 Conj/Air       100%       1d9       1%          1
b - Swiftness             Air            40%        N/A       1%          3
c - Airstrike             Air            20%        N/A       4%          4
d - Call Canine Familiar  Summ           28%        N/A       4%          3

Your spell library contained the following spells:

 Spells                   Type           Power      Damage    Failure   Level
 Static Discharge         Conj/Air       29%        N/A       1%          2
 Inner Flame              Hex/Fire       3%         N/A       30%         3
 Portal Projectile        Hex/Tloc       6%         N/A       30%         3
 Cause Fear               Hex            1%         N/A       69%         4
 Leda's Liquefaction      Hex/Erth       1%         N/A       69%         4
 Discord                  Hex            1%         N/A       100%        8


Dungeon Overview and Level Annotations

Branches:
Dungeon (5/15)              Sewer (visited)
 Temple: D:4-7


Innate Abilities, Weirdness & Mutations

You have an increased reservoir of magic. (+10% MP)
You shall have no god before yourself.
Your divine heritage dramatically boosts your attributes as you level up.


Message History

The black bear bites you but does no damage.
The black bear claws you but does no damage.
The black bear claws you.
* * * LOW HITPOINT WARNING * * *
You barely miss the black bear.
The black bear is severely wounded.
The black bear bites you.
* * * LOW HITPOINT WARNING * * *
The black bear claws you.
* * * LOW HITPOINT WARNING * * *
The black bear claws you but does no damage.
You hit the black bear.
The black bear is severely wounded.
The black bear barely misses you. The black bear closely misses you. x2
The black bear bites you.
* * * LOW HITPOINT WARNING * * *
The black bear claws you.
* * * LOW HITPOINT WARNING * * *
The black bear closely misses you.
Your magical contamination has completely faded away.
You hear the crackle of electricity.
e - a +1 short sword of electrocution (weapon)
The black bear closely misses you. The black bear claws you!
* * * LOW HITPOINT WARNING * * *
The black bear claws you but does no damage.
You hit the black bear.
The black bear is almost dead.
The black bear barely misses you. The black bear closely misses you.
The black bear claws you.
* * * LOW HITPOINT WARNING * * *
The black bear bites you!
* * * LOW HITPOINT WARNING * * *
The black bear claws you.
* * * LOW HITPOINT WARNING * * *
The black bear claws you.
* * * LOW HITPOINT WARNING * * *
You hit the black bear but do no damage.
The black bear is almost dead.
The black bear bites you!
You die...

#..## #...# ### #.#.#
###.. #.#.## #....
#.#..# ##..<.
#.##.### #..O..
#.##...# #.....
#.####.# #.####
####@####.## #.#
#...h...#..# #.#
#.......##.# #.#
#.......##.# ##.#
#.......##.## #..#
#...........###.#####
#.......##...h.......
#.......###..########
#.......# ##...#


You could see a black bear (berserk).

Vanquished Creatures
  Grinder (D:4)
  Prince Ribbit (D:5)
  Menkaure (D:5)
  An orc warrior (D:4)
  Pargi (Sewer)
  2 necrophages
  2 ogres
  2 water moccasin zombies (D:5)
  A wight (D:4)
  A bullfrog zombie (D:5)
  A hound (D:4)
  6 orc priests
  An orc wizard (D:4)
  2 iguanas (D:4)
  2 hound skeletons
  5 gnolls
  6 adders (D:4)
  A shadow imp (D:4)
  A white imp (D:5)
  3 ufetubi
  2 adder skeletons (D:4)
  A worm (D:4)
  2 dart slugs
  20 orcs
  7 bats
  5 endoplasms
  A giant cockroach (D:4)
  5 goblins
  8 hobgoblins
  3 jackals
  10 kobolds
  6 quokkas
  10 ball pythons
  3 frilled lizards
  6 rats
130 creatures vanquished.

Notes
Turn   | Place    | Note
-------+----------+-------------------------------------------
     0 | D:1      | pkoi the Demigod Air Elementalist began the quest for the
                  | Orb.
     0 | D:1      | Reached XP level 1. HP: 14/14 MP: 5/5
   372 | D:1      | Reached skill level 3 in Air Magic
   473 | D:1      | Reached XP level 2. HP: 20/20 MP: 3/7
   647 | D:1      | Reached skill level 1 in Conjurations
  1498 | D:2      | Reached XP level 3. HP: 26/26 MP: 6/9
  2232 | D:3      | Reached skill level 1 in Evocations
  2232 | D:3      | Reached XP level 4. HP: 33/33 MP: 7/10
  3320 | D:4      | Reached XP level 5. HP: 29/38 MP: 8/12
  3354 | D:4      | Found a glowing drain.
  3366 | Sewer    | Entered a sewer
  3441 | Sewer    | Noticed Pargi
  3447 | Sewer    | Killed Pargi
  3448 | Sewer    | Reached skill level 4 in Air Magic
  3758 | D:4      | Reached XP level 6. HP: 45/45 MP: 7/13
  3832 | D:4      | Reached skill level 5 in Air Magic
  3863 | D:4      | Learned a level 3 spell: Swiftness
  3868 | D:4      | Learned a level 4 spell: Airstrike
  3872 | D:4      | Learned a level 3 spell: Call Canine Familiar
  4055 | D:4      | Reached skill level 1 in Summonings
  4062 | D:4      | Reached XP level 7. HP: 19/50 MP: 1/14
  4311 | D:4      | Noticed Grinder
  4323 | D:4      | Paralysed by Grinder for 7 turns
  4344 | D:4      | Killed Grinder
  4345 | D:4      | Reached skill level 6 in Air Magic
  5105 | D:5      | Entered Level 5 of the Dungeon
  5135 | D:5      | Noticed Prince Ribbit
  5212 | D:5      | Killed Prince Ribbit
  5213 | D:5      | Reached XP level 8. HP: 43/57 MP: 0/15
  5337 | D:5      | Noticed Menkaure
  5339 | D:5      | Killed Menkaure
  5619 | D:5      | Reached skill level 7 in Air Magic
  6545 | D:5      | Slain by a black bear

Illustrated notes

Levels and vault maps discovered:
D:1:      dpeg_arrival_solitude, layout_loops_cross, due_unseen_surprise
D:2:      layout_rooms, hellmonk_ecumenical_altar_blasted
D:3:      layout_basic
D:4:      wad_river_or_something, layout_rooms, gup_sewer_entry_bubbles,
          minmay_strange_pillars, minmay_mini_jars, uniq_grinder
D:5:      layout_rooms, serial_shops, shop, uniq_menkaure, uniq_prince_ribbit1

Skill      XL: |  1  2  3  4  5  6  7  8 |
---------------+-------------------------+-----
Spellcasting   | 2 3 |  3.0
Air Magic      | 3 4 5 6 7 |  7.2
Conjurations   | 1 2 3 |  3.0
Evocations     | 1 2 4 |  4.1
Summonings     | 1 3 4 |  4.8
Dodging        | 2 |  2.1
Fighting       | |  0.9
Stealth        | |  1.7

Action                   |  1- 3 |  4- 6 |  7- 9 || total
-------------------------+-------+-------+-------++-------
Melee: Short sword       |     3 |       |     2 ||     5
       Staff             |       |       |     9 ||     9
 Cast: Shock             |    74 |   112 |   104 ||   290
       Airstrike         |       |       |    26 ||    26
  Use: Scroll            |       |     8 |       ||     8
       Potion            |       |     2 |     1 ||     3
Armor: Robe              |     1 |     3 |     7 ||    11
Dodge: Dodged            |     3 |    19 |    24 ||    46
